Cogmind - Beta 17 --- EXPLORER MODE // 2026.07.04 @ 14:44:35 Player: Taocayo Result: Destroyed by 0W-H9H(R) with Subdweller Laser Performance ------------- Evolutions (0) 0 Regions Visited (2) 400 Robots Destroyed (26) 130 Value Destroyed (789) 789 Prototype IDs (0) 0 Alien Tech Used (0) 0 Bonus (-339) -339 TOTAL SCORE: 980 Bonus ------- Friendly Fire -339 Cogmind --------- Core Integrity 0/250 Matter 6/300 Energy 200/200 System Corruption 0% Temperature Cool (6) Movement Walking (120) Location -10/Subcaves Parts ------- > --- POWER (1) -------- Subdweller Power Source > --- PROPULSION (2) --- Carbon-fiber Leg Carbon-fiber Leg > --- UTILITY (3) ------ Targeting Computer > --- WEAPON (2) ------- (None) > --- INVENTORY (5) ---- Subdweller Power Source Subdweller Machine Gun Mini Grenade Launcher Subdweller Shrapnel Launcher Makeshift Axe Peak State ------------ > --- POWER ------------ Subdweller Power Source > --- PROPULSION ------- Carbon-fiber Leg Carbon-fiber Leg > --- UTILITY ---------- Targeting Computer Scrap Shield > --- WEAPON ----------- Subdweller Machine Gun Subdweller Shrapnel Launcher > --- INVENTORY -------- Ion Engine Utility Shielding Subdweller Machine Gun Mini Grenade Launcher [Rating: 17] Favorites ----------- Power Subdweller Power Source Engine Subdweller Power Source Propulsion Aluminum Leg Leg Aluminum Leg Utility Targeting Computer Device Trap Extractor Processor Targeting Computer Protection Scrap Shield Weapon Subdweller Shrapnel Launcher Ballistic Gun Subdweller Machine Gun Launcher Subdweller Shrapnel Launcher Build | -11 -10 -10 ------- Run | Yrd Mat Sub Slots Evolved 1 | . 1 . Power . | . . . Propulsion . | . . . Utility 1 | . 1 . Weapon . | . . . Parts Attached 17 | 5 4 8 Power 3 | 1 . 2 Engine 3 | 1 . 2 Core . | . . . Reactor . | . . . Propulsion 4 | 2 . 2 Treads . | . . . Leg 4 | 2 . 2 Wheel . | . . . Hover . | . . . Flight . | . . . Utility 5 | 1 3 1 Device 2 | . 2 . Storage . | . . . Processor 2 | 1 1 . Hackware . | . . . Protection 1 | . . 1 Artifact . | . . . Weapon 5 | 1 1 3 Energy Gun . | . . . Energy Cannon . | . . . Ballistic Gun 3 | 1 . 2 Ballistic Cannon . | . . . Launcher 2 | . 1 1 Special Weapon . | . . . Impact Weapon . | . . . Slashing Weapon . | . . . Piercing Weapon . | . . . Special Melee Weapon . | . . . Unidentified Prototypes . | . . . Parts Lost 2 | . . 2 Power . | . . . Propulsion . | . . . Utility 1 | . . 1 Weapon 1 | . . 1 Highest Loss Streak 1 | . . 1 To Critical Strikes . | . . . Average Backups 3 | 1 2 4 Power . | . . . Propulsion . | . . 1 Utility 1 | 1 2 . Weapon 1 | . . 1 Tool/Special . | . . . Unused Backups 4 | . . 4 Power . | . . . Propulsion 1 | . . 1 Utility 1 | . . 1 Weapon 2 | . . 2 Tool/Special . | . . . Average Slot Usage (%) 85 | . 87 84 Engine 12 | . 12 12 Leg 24 | . 25 24 Device 2 | . 5 1 Processor 16 | . 21 13 Protection 4 | . . 6 Ballistic Gun 12 | . 12 12 Launcher 11 | . 9 11 Peak Build Rating 17 | 5 11 17 Average Rating 10 | 4 9 12 On Entrance 5 | . 5 11 Avg Prop Armor Cover (%) . | . . . Naked Turns . | . . . Heaviest Build 35 | 6 9 35 Greatest Support 30 | 20 20 30 Greatest Overweight (x) 1 | . . 1 Average Overweight (x) . | . . . Largest Inventory Capacity 5 | 5 5 5 Average Capacity 5 | 5 5 5 Most Carried 5 | 2 3 5 Average Carried 3 | 1 2 4 Final Capacity 5 | 5 5 5 Final Carried 5 | 2 3 5 Class Distribution -------------------- 63% | Hacker-Mutant 36% | Subdweller-Mutant Dominant Class ---------------- Hacker-Mutant | -10/Materials Subdweller-Mutant | -10/Subcaves Resources | -11 -10 -10 ----------- Run | Yrd Mat Sub Matter Collected 776 | 236 91 449 Remotely . | . . . Salvage Created 516 | . 114 402 Parts 42 | . 11 31 Haulers Intercepted . | . . . Recyclers Shooed . | . . . Parts Field Recycled . | . . . Retrieved Matter . | . . . Parts Self-Destructed . | . . . Prevented . | . . . Parts Restored . | . . . Kills | -11 -10 -10 ------- Run | Yrd Mat Sub Combat Hostiles Destroyed 21 | . 5 16 Guns 5 | . 1 4 AOE 16 | . 4 12 Classes Destroyed 6 | . 5 1 Builder 1 | . 1 . Tunneler 1 | . 1 . Watcher 1 | . 1 . Swarmer 3 | . 3 . Grunt 2 | . 2 . Subdweller 16 | . . 16 Thug 2 | . . 2 Best Kill Streak 6 | . 5 6 Combat Bots Only 6 | . 4 6 Max Kills in Single Turn 3 | . 3 2 Gunslinging . | . . . Exploded 2 | . 2 2 Melee . | . . . Uniques/NPCs Destroyed . | . . . Combat | -11 -10 -10 -------- Run | Yrd Mat Sub Hostile Shots Fired 107 | . 14 93 Missed 36 | . 6 30 Hits 71 | . 8 63 Projectile 71 | . 8 63 AOE 2 | . . 2 Critical Strikes 3 | . . 3 Damage Taken 1018 | . 56 962 Core 252 | . 12 240 Absorbed by Shields . | . . . Ignored by Resistances 612 | . 39 573 Core Remaining (%) 100 | 100 . . Volleys Fired 46 | . 7 39 Largest 2 | . 2 2 Hottest 70 | . 50 70 Shots Fired 72 | . 14 58 Gun 41 | . 7 34 Cannon . | . . . Launcher 31 | . 7 24 Special . | . . . Kinetic 65 | . 7 58 Thermal . | . . . Explosive 7 | . 7 . Electromagnetic . | . . . Robot Hit Streak 44 | . 6 44 Robot Miss Streak 1 | . 1 . Penetration Max . | . . . Secondary Targets . | . . . Shots Hit Robots 44 | . 6 38 Core Hits 47 | . 11 36 Critical Kills . | . . . Critical Parts Destroyed . | . . . Critical Strikes . | . . . Melee Attacks . | . . . Impact . | . . . Slashing . | . . . Piercing . | . . . Sneak Attacks . | . . . Combat Hostiles . | . . . Follow-up Attacks . | . . . Damage Inflicted 3070 | . 475 2595 Guns 476 | . 22 454 Cannons . | . . . Explosions 2594 | . 453 2141 Melee . | . . . Ramming . | . . . Kinetic 2617 | . 22 2595 Thermal . | . . . Explosive 453 | . 453 . Electromagnetic . | . . . Impact . | . . . Slashing . | . . . Piercing . | . . . Highest Corruption . | . . . Average Corruption . | . . . Corruption Purged . | . . . Corruption Blocked . | . . . Overload Shots . | . . . Overflow Damage . | . . . Projectiles . | . . . Explosions . | . . . Melee . | . . . Knockbacks . | . . . Impact . | . . . Kinetic . | . . . Secondary . | . . . Self-Inflicted Damage 94 | . 13 81 Shots 9 | . 2 7 Rammed . | . . . Targets Rammed 1 | . 1 . Kicked 1 | . 1 . Crushed . | . . . Highest Temperature 152 | . 26 152 Average Temperature 42 | . 10 89 Received Heat Transfer 424 | . 21 403 Siege Activations . | . . . Martial Activations . | . . . Shielding Activations . | . . . Robots Disrupted . | . . . Combat Hostiles . | . . . Robots Corrupted . | . . . Combat Hostiles . | . . . Parts Fried . | . . . Impact Corruptions . | . . . Robots Melted . | . . . Combat Hostiles . | . . . Parts Melted . | . . . Heat Transferred . | . . . Parts Sabotaged . | . . . Parts Stolen . | . . . Parts Stripped . | . . . Power Chain Reactions . | . . . Alert | -11 -10 -10 ------- Run | Yrd Mat Sub Maximum Alert Level . | . . . Low Security (%) 100 | 100 100 . Level 1 . | . . . Level 2 . | . . . Level 3 . | . . . Level 4 . | . . . Level 5 . | . . . High Security . | . . . Max Security . | . . . Peak Influence 132 | . 132 . Initial . | . . . Average 30 | . 35 . Influence Increases 211 | . 211 . Destroy 0b10 Robot/C 100 | . 100 . Destroy 0b10 Robot/NC 15 | . 15 . Destroy Leader 32 | . 32 . Successful Hack 12 | . 12 . Disable Machine 4 | . 4 . Destroy Structure 48 | . 48 . Influence Decreases 211 | . 129 82 Entered New Map 51 | . . 51 Time Decay 160 | . 129 31 Squads Dispatched . | . . . Investigation . | . . . Extermination . | . . . Reinforcement . | . . . Assault . | . . . Garrison . | . . . Intercept . | . . . Searches Triggered . | . . . Construction Impeded . | . . . Haulers Reinforced . | . . . Active Scanning Responses . | . . . Cargo Convoy Interrupts . | . . . Stealth | -11 -10 -10 --------- Run | Yrd Mat Sub Distress Signals . | . . . Communications Jammed . | . . . Distress Signals . | . . . Times Spotted 35 | . 6 29 Peak Tracking Total 9 | . 4 9 Tactical Retreats . | . . . Traps | -11 -10 -10 ------- Run | Yrd Mat Sub Traps Triggered 1 | . 1 . Indirectly . | . . . Trap Hack Attempts . | . . . Triggered . | . . . Disarmed . | . . . Reprogrammed . | . . . Reused . | . . . Traps Extracted . | . . . Installed . | . . . Triggered . | . . . Machines | -11 -10 -10 ---------- Run | Yrd Mat Sub Machines Disabled 1 | . 1 . Max in Single Turn 1 | . 1 . Machines Repaired . | . . . Machines Dismantled . | . . . Machines Sabotaged . | . . . Overloaded Fab Kills . | . . . Hacking | -11 -10 -10 --------- Run | Yrd Mat Sub Machines Accessed 6 | . 6 . Terminals 5 | . 5 . Fabricators . | . . . Repair Stations . | . . . Recycling Units 1 | . 1 . Scanalyzers . | . . . Garrison Access . | . . . Total Hacks 14 | . 14 . Successful 12 | . 12 . Failed 2 | . 2 . Catastrophic 1 | . 1 . Database Lockouts . | . . . Manual . | . . . Terminals 13 | . 13 . Fabricators . | . . . Repair Stations . | . . . Recycling Units 1 | . 1 . Scanalyzers . | . . . Garrison Access . | . . . Terminal Hacks 11 | . 11 . Record 3 | . 3 . Level Access Points 1 | . 1 . Locate Traps 1 | . 1 . Dispatch Records 1 | . 1 . Hauler Manifests 1 | . 1 . Registered Components 1 | . 1 . Registered Prototypes 1 | . 1 . Zone Layout 2 | . 2 . Fabricator Hacks . | . . . Repair Station Hacks . | . . . Recycling Unit Hacks 1 | . 1 . Report Inventory 1 | . 1 . Scanalyzer . | . . . Garrison Access Hacks . | . . . Unauthorized Hacks . | . . . Terminals . | . . . Fabricators . | . . . Repair Stations . | . . . Recycling Units . | . . . Scanalyzers . | . . . Garrison Access . | . . . Data Cores Recovered . | . . . Used . | . . . Hacking Detections 3 | . 3 . Full Trace Events . | . . . Feedback Events . | . . . Feedback Blocked . | . . . Robot Schematics Acquired . | . . . Robots Built . | . . . Authchips . | . . . Time . | . . . Total Robot Build Rating . | . . . Part Schematics Acquired . | . . . Parts Built . | . . . Authchips . | . . . Time . | . . . Total Part Build Rating . | . . . Part Studies Acquired . | . . . Parts Repaired . | . . . Time . | . . . Parts Recycled . | . . . Recycled Matter . | . . . Retrieved Matter . | . . . Retrieved Components . | . . . Parts Scanalyzed . | . . . Part Schematics Acquired . | . . . Parts Damaged . | . . . Bothacking | -11 -10 -10 ------------ Run | Yrd Mat Sub Used RIF Installer . | . . . Robots Hacked . | . . . Non-combat . | . . . Combat . | . . . Robot Hacks Applied . | . . . Relay Couplers Released . | . . . Fabnet Peak Effective % . | . . . Robots Rewired . | . . . Allies Hacked . | . . . Hacks Repelled . | . . . Allies | -11 -10 -10 -------- Run | Yrd Mat Sub Total Allies . | . . . Largest Group . | . . . Highest-Rated Group . | . . . Highest-Rated Ally . | . . . Total Orders . | . . . Ally Attacks . | . . . Total Damage . | . . . Kills . | . . . Allies Corrupted . | . . . Allies Melted . | . . . Intel | -11 -10 -10 ------- Run | Yrd Mat Sub Active Infowar (turns) 389 | . 264 125 Optics 389 | . 264 125 Structural 106 | . 10 96 Robot Analysis Total . | . . . Derelict Logs Recovered 1 | . . 1 Drone Launches . | . . . Drone Recoveries . | . . . Exploration | -11 -10 -10 ------------- Run | Yrd Mat Sub Turns Passed 1288 | 60 362 866 Spaces Moved 813 | 46 277 490 Core 5 | 5 . . Treads . | . . . Legs 808 | 41 277 490 Wheels . | . . . Hover . | . . . Flight . | . . . Fastest Speed 50 | 50 120 120 Average Speed 134 | 112 120 145 Slowest Speed 190 | 120 120 190 Overloaded Moves . | . . . Propulsion Burnouts . | . . . Robots Hopped . | . . . Potential Cave-ins 12 | . . 12 Cave-ins Triggered . | . . . Exploration Rate (%) 28 | 4 54 28 Regions Visited 2 Branch Regions 1 Pre-discovered Areas 1 | . . 1 Known Exits Taken 2 | 1 1 . Unknown Exits Taken . | . . . Scrap Searched 1 | . . 1 Spaces Dug 94 | . . 94 Terrain Destroyed 356 | . 52 304 Melee . | . . . Projectile 2 | . . 2 AOE 354 | . 52 302 Terrain Rammed . | . . . Walls Destroyed . | . . . Machines Disabled . | . . . Actions | -11 -10 -10 --------- Run | Yrd Mat Sub Total 940 | 52 293 595 Wait 16 | . 1 15 Move 811 | 45 276 490 Hop . | . . . Pick Up 13 | 2 2 9 Fast Attach 11 | 5 3 3 Attach 12 | . 2 10 Detach 8 | . 1 7 Swap 3 | . . 3 Drop 14 | . . 14 Fire 46 | . 7 39 Melee . | . . . Ram . | . . . Kick 1 | . 1 . Crush . | . . . Escape Stasis . | . . . Rewire . | . . . Trap . | . . . Miscellaneous 5 | . . 5 Route ------- -11/Scrapyard -10/Materials (discovered 5 exits: *Mat x3 / *Min / *Sub) -10/Subcaves History --------- Turn | Location | Event 12 | -11/Scrapyard | Identified exit to Materials 12 | -11/Scrapyard | Discovered exit to Materials (range 16) 61 | -11/Scrapyard | Entered Materials 61 | -10/Materials | Evolved 1 slot: Utility x1 273 | -10/Materials | Identified exit to Materials 310 | -10/Materials | Build established: Hacker-Mutant 384 | -10/Materials | Identified exit to Mines 384 | -10/Materials | Discovered exit to Mines (range 17) 407 | -10/Materials | Identified exit to Subcaves 407 | -10/Materials | Discovered exit to Subcaves (range 8) 423 | -10/Materials | Entered Subcaves 424 | -10/Subcaves | Shifting Twisted Machinery released Sub. Shrapnel Launcher 424 | -10/Subcaves | Approached by a straggling Scientist 505 | -10/Subcaves | Shifting Twisted Machinery released Sub. Machine Gun 549 | -10/Subcaves | Ambushed by swarm of Subdwellers 554 | -10/Subcaves | Ambushed by Subdwellers from Twisted Machinery 560 | -10/Subcaves | Ambushed by Subdweller buried in earth 866 | -10/Subcaves | Ambushed by Subdweller buried in earth 866 | -10/Subcaves | Ambushed by Subdweller buried in earth 872 | -10/Subcaves | Ambushed by Subdweller buried in earth 936 | -10/Subcaves | Learned location of Zion (-6) 1095 | -10/Subcaves | Build established: Subdweller-Mutant 1133 | -10/Subcaves | Ambushed by Subdweller buried in earth 1133 | -10/Subcaves | Ambushed by Subdweller buried in earth 1133 | -10/Subcaves | Ambushed by Subdweller buried in earth 1135 | -10/Subcaves | Ambushed by Subdweller buried in earth 1142 | -10/Subcaves | Ambushed by Subdweller buried in earth 1142 | -10/Subcaves | Ambushed by Subdweller buried in earth 1153 | -10/Subcaves | Ambushed by Subdweller buried in earth 1203 | -10/Subcaves | A swath of the cavern ceiling suddenly collapsed 1231 | -10/Subcaves | Core integrity fell below 50% 1246 | -10/Subcaves | Ambushed by Subdweller buried in earth 1259 | -10/Subcaves | Shifting Twisted Machinery released Mak. Axe 1269 | -10/Subcaves | Core integrity fell below 20% 1289 | -10/Subcaves | Destroyed by 0W-H9H(R) with Subdweller Laser Last Messages --------------- 0F-5XD(c): "I think it's somewhere southwest of here" 01189_ Dropped Aluminum Leg. A swath of the cavern ceiling suddenly collapses. 01236_ Acquired 30 matter. 0F-5XD(c): "I think it's somewhere west of here" 01243_ 0F-5XD(c) destroyed. 01244_ 0W-H9H(R): "NOSTUCKSUB!" 01247_ IH-RJW(R): "ARGHSUB!" 01256_ 0W-H9H(R) affixes Scrap Shield Fragment to Scrap Shield. Mak. Axe falls loose from the Twisted Machinery. 01269_ Acquired Mak. Axe. In emergency situations without enough matter to attach a part, one approach is to ram any robot to regain a small amount, for example to attach a melee or energy weapon to more easily destroy targets for more matter. 01286_ Sub. Machine Gun destroyed. Map ----- +----------------------------------------------------+ | ???????????????????????????##?## ##????????? | | ???????????????????????????? ## ##????????? | | ????????????????????????????? # ###??????? | | ?????????????????????????????#" #??????? | | ?????????????????????????????# #??????? | | ?????????????????????????????# #??????? | | ?????????????????????????????# "" =! #??????? | | ??????????????????????????????#" ##??????? | | ??????????????????????????????# &[ ###???????? | | ??????????????????????????????##"" #?????????? | | ?????????????????????????????????# #?????????? | | ?????????????????????????????????### ##?????????? | | ??????????????????????????????????# ##?????????? | | ??????????????????????????????????## #?????????? | | ??????????????????????????????????## ##?????????? | | ??????????????????????????????????# #?????????? | | ??????????????????????????????????## ##?????????? | | ?????????????????????????????####### #??????????? | | ?????????????????????????????# # # R ##?????????? | | ????????????????????????????## R R #?????????? | | ??????????????????????####### RR ##?????????? | | ??????????????????????# ### #?????????? | | ??????????????????????#"" ##?######?????????? | | ??????????????????????#" ##?????????????????? | | ??????????????????? """""# #??????????????????? | | ?????????????????? """"#@## ##??????????????????? | | ??????????????????? """"######???????????????????? | | ???????????????????#####?????????????????????????? | | ?????????????????????????????????????????????????? | | ?????????????????????????????????????????????????? | | ?????????????????????????????????????????????????? | | ?????????????????????????????????????????????????? | | ?????????????????????????????????????????????????? | | ?????????????????????????????????????????????????? | | ?????????????????????????????????????????????????? | | ?????????????????????????????????????????????????? | | ?????????????????????????????????????????????????? | | ?????????????????????????????????????????????????? | | ?????????????????????????????????????????????????? | | ?????????????????????????????????????????????????? | | ?????????????????????????????????????????????????? | | ?????????????????????????????????????????????????? | | | | | | | | | | | | | | | | | +----------------------------------------------------+ Best States ------------- Heat Dissipation 25 Energy Generation 15 Energy Capacity 250 Matter Stores 300 Matter Capacity 300 Sight Range 18 Terrain Scan Density 10 Armor Coverage 800 Resistance: KI 35 Resistance: TH 35 Resistance: EX 35 Resistance: EM 35 Resistance: I 35 Resistance: S 35 Resistance: P 35 Evasion (%) 55 Targeting Accuracy 5 Offensive Hacking 20 Trap Extractor Capacity 4 Item Schematics ----------------- None Robot Schematics ------------------ None Fabricated ------------ Nothing Repaired ---------- Nothing Studied --------- None Alien Tech Used ----------------- None Achievements -------------- Do Not Disturb Survival Of The Most Covered Challenges ------------ None Game ------ Seed SpacefoldGhostLoader Manual? 0 Play Time 00:48:43 Cumulative 36.8 hours Start 2026.07.03 @ 15:35:12 End 2026.07.04 @ 14:44:35 Sessions 2 Manual Loads 0 Difficulty Explorer Special Mode None Game No. 30 Rogue 0 Adventurer 25 Explorer 5 Win Type - Total 0 Types 0/0/0/0/0/0/0/0/0/0 Lore% 6 Gallery% 20 Achievement% 16 Wizard Run 0 Options --------- Layout 1 ASCII 0 Keyboard 0 Movement Numpad Keybinds 0 Fullscreen 2 Font 32/SmallcapsGlow Map View 50x35 Zoom Use 27% Tactical HUD 1 Map Filters NONE Filters NONE Steam 1 RUN: 50f46f3a-973e-4e5c-ae7f-c232263f6d3b